 Dungeon Crawl Stone Soup version 0.30-a0-964-gd452b5e7fa (webtiles) character file.

Game seed: 16437068964939074456

35456 jasper the Epochal (level 13, 0/99 HPs)
             Began as a Demonspawn Conjurer on Mar 30, 2023.
             Was an Elder of Cheibriados.
             Slain by a goliath frog (14 damage)
             ... on level 1 of the Swamp.
             The game lasted 00:31:52 (17191 turns).

jasper the Epochal (Demonspawn Conjurer)           Turns: 17191, Time: 00:31:53

Health: 0/99       AC: 11    Str: 18    XL:     13   Next: 47%
Magic:  20/27      EV: 15    Int: 35    God:    Cheibriados [****..]
Gold:   1812       SH:  6    Dex: 21    Spells: 5/32 levels left

rFire   . . .      SeeInvis .      - Unarmed
rCold   . . .      Faith    .    z - +0 buckler
rNeg    . . .      Spirit   .    e - +0 troll leather armour
rPois   +          Reflect  .    p - +3 helmet of Levity {rPois Stlth+}
rElec   .          Rampage  .    (cloak unavailable)
rCorr   +                        (no gloves)
Will    .....                    O - +2 pair of boots
Stlth   ++                       (no amulet)
HPRegen 1.16/turn                l - +4 ring of protection
MPRegen 0.20/turn                u - ring of resist corrosion

@: corroded, very slow
A: demonic guardian 3, powered by death 1, weakness stinger 3, demonic touch 1
a: Renounce Religion, Bend Time, Temporal Distortion, Slouch


You were on level 1 of the Swamp.
You worshipped Cheibriados.
Cheibriados was greatly pleased with you.
You visited 4 branches of the dungeon, and saw 16 of its levels.
You also visited: Bailey.

You collected 1812 gold pieces.

Inventory:

Hand Weapons
 g - a +0 whip of freezing
 j - a +1 battleaxe of flaming
Missiles
 r - 13 boomerangs
 w - 18 throwing nets
 F - 8 javelins
 L - 4 curare-tipped darts
Armour
 a - a +0 robe
 d - a +1 pair of boots
 e - a +0 troll leather armour (worn)
 p - the +3 helmet of Levity (worn) {rPois Stlth+}
   (You found it on level 4 of the Dungeon)

   rPois:     It protects you from poison.
   Stlth:     It makes you more stealthy.
 s - a +0 leather armour of cold resistance
 z - a +0 buckler (worn)
 A - a +1 robe of positive energy
 D - +0 swamp dragon scales
 M - a +1 cloak
 O - a +2 pair of boots (worn)
Jewellery
 l - a +4 ring of protection (left hand)
 u - a ring of resist corrosion (right hand)
 T - a ring of fire
 V - a ring of protection from fire
Wands
 i - a wand of paralysis (19)
 G - a wand of iceblast (22)
 S - a wand of flame (10)
 W - a wand of mindburst (9)
 X - a wand of quicksilver (4)
 Y - a wand of digging (5)
Scrolls
 c - 2 scrolls of amnesia
 x - 9 scrolls of fog
 y - 3 scrolls of noise
 B - 2 scrolls of immolation
 J - 4 scrolls of identify
 K - a scroll of fear
 N - a scroll of butterflies
 P - a scroll of magic mapping
 U - a scroll of teleportation
 Z - a scroll of poison
Potions
 b - a potion of magic
 f - 3 potions of flight
 h - a potion of attraction
 k - 3 potions of curing
 m - 4 potions of cancellation
 n - 2 potions of berserk rage
 o - 3 potions of ambrosia
 q - 6 potions of haste
 t - 4 potions of degeneration
 v - 3 potions of might
 C - 2 potions of mutation
 E - 4 potions of lignification
 H - 3 potions of resistance
 I - 5 potions of brilliance
Miscellaneous
 Q - a phantom mirror (inert)


   Skills:
 + Level 8.7 Fighting
 + Level 6.4 Dodging
 - Level 1.7 Stealth
 - Level 4.3 Shields
 * Level 9.6 Unarmed Combat
 - Level 10.0 Spellcasting
 - Level 6.0 Conjurations
 - Level 4.0 Hexes
 + Level 1.9 Summonings
 - Level 4.0 Translocations
 - Level 13.0 Invocations


You had 5 spell levels left.
You knew the following spells:

 Your Spells              Type           Power      Damage    Failure   Level
a - Magic Dart            Conj           100%       1d8       1%          1
b - Searing Ray           Conj           100%       2d8       1%          2
c - Fulminant Prism       Conj/Hex       25%        3d13      4%          4
d - Iskenderun's Mystic   Conj/Tloc      51%        2d11      4%          4
e - Summon Mana Viper     Hex/Summ       38%        N/A       32%         5
f - Summon Cactus Giant   Summ           15%        N/A       95%         6
g - Borgnjor's Vile Clut  Necr/Erth      8%         N/A       71%         5

Your spell library contained the following spells:

 Spells                   Type           Power      Damage    Failure   Level
 Slow                     Hex            100%       N/A       1%          1
 Dazzling Flash           Conj/Hex       100%       N/A       1%          3
 Confusing Touch          Hex            45%        N/A       2%          3
 Gell's Gravitas          Tloc           45%        N/A       2%          3
 Teleport Other           Tloc           45%        N/A       2%          3
 Stone Arrow              Conj/Erth      76%        3d11      3%          3
 Kindle Blastsparks       Fire/Tloc/Air  52%        2d14      7%          3
 Ignite Poison            Fire/Tmut/Pois 17%        N/A       12%         3
 Vampiric Draining        Necr           17%        2d7       12%         3
 Animate Armour           Summ/Erth      48%        N/A       26%         4
 Summon Forest            Summ/Tloc      19%        N/A       32%         5
 Animate Dead             Necr           17%        N/A       36%         4
 Freezing Cloud           Conj/Ice/Air   15%        6-21      43%         5
 Dispersal                Tloc           22%        N/A       75%         6
 Death Channel            Necr           8%         N/A       99%         6
 Lehudib's Crystal Spear  Conj/Erth      19%        10d6      100%        8


Dungeon Overview and Level Annotations

Branches:
Dungeon (11/15)            Temple (1/1) D:5            Lair (2/5) D:11
  Swamp (2/4) Lair:2       Spider (0/4) Lair:2       Bailey (visited)
    Orc: D:9-12

Altars:
Ashenzari
Cheibriados
Dithmenos
Fedhas
Gozag
Hepliaklqana
Kikubaaqudgha
Makhleb
Nemelex Xobeh
Okawaru
Qazlal
Ru
Sif Muna
Trog
Uskayaw
Vehumet
Wu Jian
Xom
Yredelemnul

Annotations:
D:2 Jessica
D:6 3 runed translucent doors, bmack86's ghost, novice MiFi
D:9 exclusion: oklob sapling
Swamp:2 Mlioglotl


Innate Abilities, Weirdness & Mutations

A powerful demonic guardian rushes to your aid.
You regenerate a little health from kills.
You have a sharp stinger which inflicts weakening toxins.
Your touch may inflict minor irresistible damage on your foes.


Message History

You can no longer step out of the flow of time.
Cheibriados lowers the support of your attributes as your movement quickens.
You now have 17/27 mp.
You enter the shallow water.
Moving in this stuff is going to be slow.
You regained 2 hp, and now have 35/99 hp.
You regained 3 hp, and now have 38/99 hp.
A goliath frog comes into view.
You regained 2 hp, and now have 40/99 hp.
You enter the shallow water.
Moving in this stuff is going to be slow.
A bloated husk comes into view.
You regained 2 hp, and now have 42/99 hp.
You block the goliath frog's attack. x2
You regained 3 hp, and now have 45/99 hp.
Okay, then.
Okay, then.
As you read the scroll of fear, it crumbles to dust.
You assume a fearsome visage.
The goliath frog resists with some effort.
The tyrant leech easily resists.
The bloated husk is unaffected.
The goliath frog looks frightened!
The goliath frog barely misses you.
You are no longer corroded.
Cornered, the goliath frog turns to fight!
The goliath frog hits you but does no damage.
The goliath frog closely misses you.
The bloated husk explodes!
The blast of putrescent gases engulfs you!
The blast of putrescent gases engulfs the goliath frog!!!
The goliath frog dies!
The blast of putrescent gases engulfs the tyrant leech!!
The tyrant leech barely misses you.
You take 14 damage, and have 32/99 hp.
The goliath frog hits you from afar!
* * * LOW HITPOINT WARNING * * *
A demonic guardian appears!
The acid corrodes you!
You are splashed with acid.
You resist.
* * * LOW HITPOINT WARNING * * *
The tyrant leech completely misses you. The goliath frog hits you from afar!
You die...

♣♣♣♣♣♣♣♣♣♣♣♣
♣♣♣♣♣.~~~~..~...
♣~.♣~~~≈~§~~.~~.
♣♣..~.~≈≈≈≈≈≈≈~.~.
....~~~≈≈≈≈≈≈≈~.♣.
...~..~≈≈~..≈≈≈~.♣
.~~.~≈≈≈~<~≈≈§..~
..~.≈≈≈...≈≈≈~.♣
♣♣~~≈≈@≈≈≈≈~~~.
♣♣..≈≈w≈≈≈~~.~~
♣..~2~≈F≈~~.~~~
♣(...§~......~~
♣...♣♣♣~.~~..!.
♣~~~~♣♣♣~~~.♣♣♣
.~~~~♣
♣♣...♣♣♣.~~~♣
.~~~~♣ ♣♣
♣..~..~..♣♣♣ ~~~.♣
~♣♣..♣.....~~..♣♣


You could see a tyrant leech (ally target), a goliath frog and a friendly hell
beast (summoned, wandering).

Vanquished Creatures
  2 vault guards (Bailey)
  A hydra (Lair:2)
  4 two-headed ogres
  Maurice (D:8)
  4 cane toads
  A torpor snail (Lair:2)
  Maggie (D:8)
  Psyche (D:8)
  An unseen horror (D:10)
  2 komodo dragons
  A polar bear (Lair:1)
  2 trolls
  Prince Ribbit (Bailey)
  A vampire (D:9)
  4 humans (Bailey)
  3 wyverns
  4 basilisks
  Grum (D:10)
  20 yaks
  4 redbacks (Lair:2)
  An acid dragon (D:8)
  20 water moccasins
  2 orc warriors
  2 black bears
  A sky beast (D:7)
  6 centaurs
  3 ogres
  6 wolves
  A kobold brigand (D:9)
  23 bullfrogs
  5 gnoll sergeants
  4 scorpions
  10 killer bees
  A howler monkey (D:7)
  A crimson imp (D:6)
  11 hounds
  2 gnoll boudas (D:10)
  4 jellies
  An orc priest (D:6)
  2 sleepcaps
  2 iguanas
  7 orc wizards
  A howler monkey skeleton (D:2)
  12 adders
  30 gnolls
  2 shadow imps
  2 white imps
  3 adder skeletons (D:2)
  An adder zombie (D:2)
  4 worms
  4 dart slugs
  30 orcs
  A bat zombie (D:2)
  8 endoplasms
  4 giant cockroaches
  9 goblins
  6 hobgoblins
  8 jackals
  3 quokkas (D:5)
  14 ball pythons
  A ball python skeleton (D:2)
  6 bats
  A frilled lizard (D:1)
  A giant cockroach zombie (D:2)
  12 kobolds
  A quokka skeleton (D:2)
  A quokka zombie (D:2)
  5 rats
344 creatures vanquished.

Vanquished Creatures (collateral kills)
  A boulder beetle (Lair:2)
  A wolf spider (Lair:2)
  A kobold demonologist (D:9)
  2 komodo dragons (Lair:2)
  A troll (D:11)
  A polar bear (Lair:2)
  A vampire (D:11)
  3 humans (Bailey)
  5 yaks
  An acid dragon (D:10)
  An ice beast (D:8)
  A wolf (Lair:2)
  2 centaurs (D:9)
  2 kobold brigands
  2 hounds
  An orc priest (D:10)
  2 goblins (Bailey)
  A hobgoblin (Bailey)
  2 kobolds
31 creatures vanquished.

Vanquished Creatures (others)
  A goliath frog (Swamp:1)
  A bloated husk (Swamp:1)
  A bush (D:6)
  12 fulminant prisms
  12 fungi
  15 plants
  5 toadstools (D:3)
  A withered plant (D:2)
48 creatures vanquished.

Grand Total: 423 creatures vanquished

Notes
Turn   | Place    | Note
-------+----------+-------------------------------------------
     0 | D:1      | jasper the Demonspawn Conjurer began the quest for the Orb.
     0 | D:1      | Reached XP level 1. HP: 13/13 MP: 3/3
   192 | D:1      | Gained mutation: A weak demonic guardian rushes to your
                  | aid. [demonic ancestry]
   192 | D:1      | Reached XP level 2. HP: 19/19 MP: 3/5
   444 | D:1      | Learned a level 2 spell: Searing Ray
   849 | D:1      | Reached XP level 3. HP: 24/24 MP: 5/7
  1521 | D:2      | Reached XP level 4. HP: 30/30 MP: 6/10
  1527 | D:2      | Learned a level 4 spell: Fulminant Prism
  1532 | D:2      | Learned a level 4 spell: Iskenderun's Mystic Blast
  1622 | D:2      | Noticed Jessica
  2576 | D:3      | Reached skill level 1 in Hexes
  2637 | D:4      | Gained mutation: A demonic guardian rushes to your aid.
                  | [demonic ancestry]
  2637 | D:4      | Reached XP level 5. HP: 35/35 MP: 8/11
  2795 | D:3      | Found a faded altar of an unknown god.
  2936 | D:3      | Found a blossoming altar of Fedhas.
  3344 | D:4      | Found a shadowy altar of Dithmenos.
  3616 | D:4      | Discovered your monstrous ancestry.
  3616 | D:4      | Gained mutation: You have a small tail. [demonic ancestry]
  3616 | D:4      | Reached XP level 6. HP: 41/41 MP: 7/12
  3681 | D:4      | Reached skill level 5 in Conjurations
  3750 | D:4      | Identified the +3 helmet of Levity {rPois Stlth+}
  3855 | D:4      | You fall into a shaft and drop 1 floor!
  3855 | D:5      | Entered Level 5 of the Dungeon
  3874 | D:5      | Found a staircase to the Ecumenical Temple.
  3936 | Temple   | Entered the Ecumenical Temple
  4430 | D:5      | Reached skill level 1 in Translocations
  4430 | D:5      | Reached XP level 7. HP: 46/46 MP: 8/13
  5940 | D:6      | Found a hide-covered altar of Uskayaw.
  6057 | D:6      | Reached skill level 5 in Spellcasting
  6057 | D:6      | Gained mutation: Your touch may inflict minor irresistible
                  | damage on your foes. [demonic ancestry]
  6057 | D:6      | Reached XP level 8. HP: 52/52 MP: 8/15
  6187 | D:6      | Found a radiant altar of Vehumet.
  6469 | Temple   | Became a worshipper of Cheibriados the Contemplative
  6540 | D:6      | Reached skill level 1 in Fighting
  6576 | D:6      | Reached skill level 1 in Shields
  6941 | D:6      | Found a runed translucent gate.
  6942 | D:6      | Found a runed translucent gate.
  6943 | D:6      | Noticed bmack86's ghost (novice MiFi)
  6943 | D:6      | Found a runed translucent gate.
  6944 | D:6      | Identified the +6 plate armour "Lubesat" {Rampage rCorr
                  | Int-3 Slay-4}
  6988 | D:6      | Gained mutation: You regenerate a little health from kills.
                  | [demonic ancestry]
  6988 | D:6      | Reached XP level 9. HP: 64/64 MP: 13/19
  7046 | D:6      | Reached skill level 1 in Invocations
  7976 | D:7      | Reached skill level 2 in Invocations
  8262 | D:7      | Reached * piety under Cheibriados
  9037 | D:8      | Found a shimmering blue altar of Sif Muna.
  9046 | D:8      | Noticed Psyche
  9047 | D:8      | Reached skill level 1 in Unarmed Combat
  9047 | D:8      | Reached skill level 3 in Invocations
  9052 | D:8      | Killed Psyche
  9182 | D:8      | Reached skill level 4 in Invocations
  9208 | D:8      | Gained mutation: A powerful demonic guardian rushes to your
                  | aid. [demonic ancestry]
  9208 | D:8      | Reached XP level 10. HP: 24/73 MP: 14/22
  9374 | D:8      | Identified the +11 spear of Qesm {vamp, rPois rC- Stlth+}
  9402 | D:8      | Reached ** piety under Cheibriados
  9471 | D:8      | Noticed Maggie
  9488 | D:8      | Killed Maggie
  9489 | D:8      | Reached skill level 5 in Fighting
  9489 | D:8      | Reached skill level 5 in Invocations
  9974 | D:8      | Noticed Maurice
  9991 | D:8      | Paralysed by something for 4 turns
 10001 | D:8      | Killed Maurice
 10002 | D:8      | Reached skill level 6 in Invocations
 10472 | D:8      | Found an ancient bone altar of Kikubaaqudgha.
 10472 | D:8      | Found an opulent altar of Gozag.
 10629 | D:9      | Found a flagged portal.
 10732 | Bailey   | Entered a bailey
 10769 | Bailey   | Reached skill level 7 in Invocations
 10838 | Bailey   | Reached *** piety under Cheibriados
 11000 | Bailey   | Reached skill level 8 in Invocations
 11136 | Bailey   | Noticed Prince Ribbit
 11136 | Bailey   | Noticed a vault guard
 11152 | Bailey   | Killed Prince Ribbit
 11154 | Bailey   | Killed a vault guard
 11155 | Bailey   | Gained mutation: You have a tail ending in a sharp stinger.
                  | [demonic ancestry]
 11155 | Bailey   | Reached XP level 11. HP: 81/81 MP: 0/24
 11290 | Bailey   | Noticed a vault guard
 11309 | Bailey   | Killed a vault guard
 11599 | D:9      | Found a basalt altar of Yredelemnul.
 11631 | D:9      | Noticed a two-headed ogre
 11641 | D:9      | Killed a two-headed ogre
 11642 | D:9      | Reached skill level 9 in Invocations
 11691 | D:9      | Reached **** piety under Cheibriados
 11937 | D:9      | Found an ornate altar of the Wu Jian Council.
 12309 | D:10     | Entered Level 10 of the Dungeon
 12549 | D:10     | Noticed a two-headed ogre
 12562 | D:10     | Killed a two-headed ogre
 12581 | D:10     | Identified the +1 ring mail "Qampesag" {Str+3}
 12629 | D:10     | Reached ***** piety under Cheibriados
 12630 | D:10     | Reached skill level 10 in Invocations
 12661 | D:10     | Reached skill level 5 in Unarmed Combat
 13704 | D:10     | Noticed Grum
 13714 | D:10     | Killed Grum
 13934 | D:11     | Reached skill level 12 in Invocations
 13934 | D:11     | Reached XP level 12. HP: 91/91 MP: 25/25
 13951 | D:11     | Noticed a two-headed ogre
 13968 | D:11     | Reached skill level 13 in Invocations
 13971 | D:11     | Killed a two-headed ogre
 14026 | D:11     | Found a staircase to the Lair.
 14089 | D:11     | Reached skill level 5 in Dodging
 14115 | D:11     | Identified 3 scrolls of acquirement
 14154 | D:11     | Acquired 380 gold pieces
 14156 | D:11     | Acquired a book of the Wilderness
 14158 | D:11     | Acquired 339 gold pieces
 14166 | D:11     | Learned a level 5 spell: Summon Mana Viper
 14173 | D:11     | Learned a level 6 spell: Summon Cactus Giant
 14522 | D:11     | Noticed a two-headed ogre
 14533 | D:11     | Killed a two-headed ogre
 14533 | D:11     | Reached ****** piety under Cheibriados
 14660 | Lair:1   | Entered Level 1 of the Lair of Beasts
 14690 | Lair:1   | Reached skill level 10 in Spellcasting
 14711 | D:11     | Gained mutation: You have a sharp stinger which inflicts
                  | weakening toxins. [demonic ancestry]
 14711 | D:11     | Reached XP level 13. HP: 80/98 MP: 27/27
 16084 | Lair:2   | Found a staircase to the Swamp.
 16154 | Lair:2   | Learned a level 5 spell: Borgnjor's Vile Clutch
 16479 | Lair:2   | Reached skill level 1 in Summonings
 16575 | Lair:2   | Found a hole to the Spider Nest.
 17140 | Swamp:1  | Entered Level 1 of the Swamp
 17140 | Swamp:1  | You fall into a shaft and drop 1 floor!
 17141 | Swamp:2  | Noticed Mlioglotl
 17151 | Swamp:1  | Noticed a fenstrider witch
 17151 | Swamp:1  | Noticed an eleionoma
 17155 | Swamp:1  | Paralysed by a fenstrider witch for 3 turns
 17191 | Swamp:1  | Slain by a goliath frog

Illustrated notes

Levels and vault maps discovered:
D:1:      lemuel_arrival_lava_pool, layout_rooms
D:2:      layout_basic, serial_undead, serial_undead_a, serial_undead_e,
          serial_undead_a, serial_undead_a, serial_undead_d, serial_undead_f,
          serial_undead_a, uniq_jessica
D:3:      layout_rooms, nicolae_overflow_crystal_walls,
          ebering_ecumenical_altar_ruins, minmay_gold_behind_fungi
D:4:      layout_loops_ring, mainiacjoe_overflow_24_doors,
          hangedman_abyss_or_decor_stagger, serial_bayou_pond_b
D:5:      layout_gridville, temple_pool_b, gup_sewer_entry_spiral
D:6:      nicolae_cairo_tiling_large, layout_loops_corners,
          nicolae_uskayaw_suspiria, mainiacjoe_overflow_catch_the_wave,
          biasface_ghost_orc_armoury, kb_lookout_dungeons_type,
          minmay_fire_ice_demons
D:7:      layout_basic, grunt_ministairs_8, minmay_holes
D:8:      layout_basic, nicolae_sif_muna_condensation,
          gammafunk_temple_overflow_elements, uniq_maggie, uniq_psyche,
          uniq_maurice
D:9:      layout_cave_pools, mainiacjoe_overflow_surrounded_room,
          nicolae_wu_jian_wuxing_cycle, enter_bailey_8, introduction_to_nature_2
D:10:     layout_cave_pools, serial_gnoll_camp, gnoll_camp_mini_house,
          gnoll_camp_mini_hut, gnoll_camp_medium_01, grums_kennel,
          gnoll_camp_mini_doghouse, gnoll_camp_medium_02,
          chequers_serial_rivers_large_b
D:11:     layout_loops_ring, minmay_lair_entry_grove
Temple:   nicolae_temple_x_marks_the_god
Lair:1:   layout_cave_pods, beast_lair_carwin_5, lemuel_fruit_tree,
          serial_bayou_shore_b, grunt_megastairs_5
Lair:2:   layout_layer_cave, swamp_mist, spider_nest_entry_funnel_web
Swamp:1:  layout_basic_swamp, evilmike_swamp_ruin_house_6,
          infiniplex_staircase_pool_2
Swamp:2:  nicolae_swamp_ascending_descending, layout_basic_swamp,
          evilmike_swamp_ruin_house_2, infiniplex_staircase_pool, uniq_mlioglotl

Skill      XL: |  1  2  3  4  5  6  7  8  9 10 11 12 13 |
---------------+----------------------------------------+-----
Spellcasting   | 3 4 5 6 8 9 10 | 10.0
Hexes          | 1 2 4 |  4.0
Conjurations   | 5 6 |  6.0
Translocations | 1 4 |  4.0
Fighting       | 3 4 6 7 8 |  8.7
Shields        | 2 4 |  4.3
Invocations    | 4 8 12 13 | 13.0
Unarmed Combat | 2 4 7 8 9 |  9.6
Dodging        | 3 4 5 6 |  6.4
Summonings     | 1 |  1.9
Stealth        | |  1.7

Action                     |  1- 3 |  4- 6 |  7- 9 | 10-12 | 13-15 || total
---------------------------+-------+-------+-------+-------+-------++-------
  Melee: Unarmed           |     5 |       |    21 |   396 |   178 ||   600
         Battleaxe         |    20 |     5 |    35 |       |       ||    60
         Tailslap          |       |       |    16 |    87 |    36 ||   139
         Touch             |       |       |     6 |       |       ||     6
         Punch             |       |       |     1 |       |       ||     1
  Throw: Throwing net      |       |       |       |     1 |       ||     1
   Cast: Magic Dart        |    79 |    89 |   134 |    58 |    14 ||   374
         Searing Ray       |     2 |     8 |    29 |    16 |       ||    55
         Iskenderun's Myst |       |       |     3 |    65 |    20 ||    88
         Fulminant Prism   |       |       |     1 |    11 |       ||    12
         Summon Mana Viper |       |       |       |       |     1 ||     1
 Invoke: Step From Time    |       |       |       |       |     6 ||     6
  Evoke: Wand              |       |       |       |     5 |       ||     5
         Phantom mirror    |       |       |       |     1 |     1 ||     2
    Use: Scroll            |     1 |     9 |    12 |    14 |     4 ||    40
         Potion            |       |       |     2 |     4 |     7 ||    13
   Stab: Sleeping          |       |       |     2 |     5 |     5 ||    12
         Distracted        |       |       |       |     2 |       ||     2
         Paralysed         |       |       |       |     5 |       ||     5
 Armour: Robe              |    18 |     9 |    50 |    46 |       ||   123
         Troll leather arm |       |       |       |   235 |    79 ||   314
         Skin              |       |       |       |    10 |       ||    10
  Dodge: Dodged            |    47 |    23 |    69 |   330 |   196 ||   665
  Block: Buckler           |       |       |       |   167 |    77 ||   244

Table legend: (Time is in decaauts)
 A = Elapsed time spent in this place.
 B = Non-inter-level travel time spent in this place.
 C = Inter-level travel time spent in this place.
 D = Time resting spent in this place.
 E = Time spent auto-exploring this place.
 F = Levels seen in this place.
 G = Mean time per level.
                   A        B        C        D        E       F      G
               +--------+--------+--------+--------+--------+-----+--------+
         Total |  21738 |  20541 |   1197 |   1310 |  15706 |  17 | 1278.7 |
       Dungeon |  16652 |  15594 |   1058 |   1280 |  11750 |  11 | 1513.8 |
        Temple |     92 |     70 |     22 |      0 |     63 |   1 |   92.0 |
          Lair |   4127 |   4011 |    116 |     30 |   3363 |   2 | 2063.5 |
         Swamp |     80 |     80 |      0 |      0 |      0 |   2 |   40.0 |
        Bailey |    785 |    785 |      0 |      0 |    529 |   1 |  785.0 |
               +--------+--------+--------+--------+--------+-----+--------+

Top non-repeatable levels by time:
     D:6: 2177 daAuts
  Lair:1: 2151 daAuts
    D:10: 2149 daAuts
  Lair:2: 1976 daAuts
     D:7: 1751 daAuts
     D:8: 1707 daAuts
     D:9: 1592 daAuts
     D:5: 1483 daAuts
    D:11: 1469 daAuts
     D:1: 1291 daAuts
     D:2: 1274 daAuts
     D:4: 1071 daAuts
  Bailey: 785 daAuts
     D:3: 684 daAuts
  Temple: 92 daAuts
